| TOP OF THE 1ST |
|
Atlanta Braves batting - Pitching for Chicago Cubs : RHP Chris Ray
|
|
Pitching: RHP Chris Ray
|
|
|
Batting: LHB Tsutomu Miyahara
|
0-0: Called Strike 0-1: Ball 1-1: Swinging Strike 1-2: Foul Ball, location: 2F 1-2: Ball 2-2: Ball 3-2: Foul Ball, location: 2F 3-2: Strikes out swinging
|
|
Batting: RHB Hisayuki Akiyama
|
0-0: Ball 1-0: Swinging Strike 1-1: Bunted foul 1-2: Foul Ball, location: 2F 1-2: Ball 2-2: Strikes out swinging
|
|
Batting: RHB Xavier Davis
|
0-0: Foul Ball, location: 2F 0-1: Ball 1-1: Fly out, F7 (Line Drive, 7D, EV 99.4 MPH)
|
| Top of the 1st over - 0 runs, 0 hits, 0 errors, 0 left on base; Atlanta 0 - Chicago 0 |
| BOTTOM OF THE 1ST |
|
Chicago Cubs batting - Pitching for Atlanta Braves : RHP Kevin Ovens-Toots
|
|
Pitching: RHP Kevin Ovens-Toots
|
|
|
Batting: RHB Yasuhide Kasahara
|
0-0: Called Strike 0-1: Ball 1-1: Foul Ball, location: 2F 1-2: Ground out 6-3 (Groundball, 6MS, EV 83.8 MPH)
|
|
Batting: RHB Josh Kalman
|
0-0: Ball 1-0: Swinging Strike 1-1: Swinging Strike 1-2: Ball 2-2: Foul Ball, location: 2F 2-2: Ball 3-2: Base on Balls
|
|
Batting: RHB Efrain Vargas
|
0-0: Ball 1-0: Ball 2-0: Grounds into double play, 3-6-3 (Groundball, 3, EV 87.5 MPH)
|
| Bottom of the 1st over - 0 runs, 0 hits, 0 errors, 0 left on base; Atlanta 0 - Chicago 0 |
| TOP OF THE 2ND |
|
Atlanta Braves batting - Pitching for Chicago Cubs : RHP Chris Ray
|
|
Batting: RHB Jim Zucco
|
0-0: Swinging Strike 0-1: SINGLE (Line Drive, 5D, EV 96.2 MPH)
|
|
Batting: LHB Erik Gretzky
|
0-0: Ball 1-0: Foul Ball, location: 2F 1-1: Fly out, F8 (Flyball, 8RD, EV 92.5 MPH)
|
|
Batting: RHB Ramon Villarreal
|
0-0: Grounds into double play, 1-6-3 (Groundball, 13, EV 70.0 MPH)
|
| Top of the 2nd over - 0 runs, 1 hit, 0 errors, 0 left on base; Atlanta 0 - Chicago 0 |
| BOTTOM OF THE 2ND |
|
Chicago Cubs batting - Pitching for Atlanta Braves : RHP Kevin Ovens-Toots
|
|
Batting: SHB Terry Tuckfard
|
0-0: Swinging Strike 0-1: Ball 1-1: Ball 2-1: Foul Ball, location: 2F 2-2: Ball 3-2: Strikes out swinging
|
|
Batting: SHB Tim Hone
|
0-0: Ground out 4-3 (Groundball, 4MS, EV 74.4 MPH)
|
|
Batting: SHB Steve DiDomenico
|
0-0: Ball 1-0: Ground out 4-3 (Groundball, 4, EV 85.0 MPH)
|
| Bottom of the 2nd over - 0 runs, 0 hits, 0 errors, 0 left on base; Atlanta 0 - Chicago 0 |
| TOP OF THE 3RD |
|
Atlanta Braves batting - Pitching for Chicago Cubs : RHP Chris Ray
|
|
Batting: LHB Jae-ik Soung
|
0-0: Ball 1-0: Foul Ball, location: 2F 1-1: Ball 2-1: Ground out 5-3 (Groundball, 56, EV 106.9 MPH)
|
|
Batting: RHB Ike Trout
|
0-0: Foul Ball, location: 2F 0-1: Ball 1-1: Called Strike 1-2: Foul Ball, location: 2F 1-2: Ball 2-2: Fly out, F4 (Popup, 13S, EV 90.0 MPH)
|
|
Batting: RHB Tade Post
|
0-0: Called Strike 0-1: Ball 1-1: Swinging Strike 1-2: SINGLE (Groundball, 56D, EV 105.6 MPH)
|
|
Batting: LHB Tsutomu Miyahara
|
0-0: Ball 1-0: Fielders Choice at 2nd, 6-4 (Groundball, 4M, EV 80.0 MPH)
|
| Top of the 3rd over - 0 runs, 1 hit, 0 errors, 1 left on base; Atlanta 0 - Chicago 0 |
| BOTTOM OF THE 3RD |
|
Chicago Cubs batting - Pitching for Atlanta Braves : RHP Kevin Ovens-Toots
|
|
Batting: SHB Seung-ho Zhang
|
0-0: Foul Ball, location: 2F 0-1: Ball 1-1: Ball 2-1: Fly out, F9 (Flyball, BS7, EV 94.4 MPH)
|
|
Batting: RHB Pat Barton
|
0-0: Ball 1-0: Ball 2-0: DOUBLE (Line Drive, 78XD, EV 105.0 MPH)
|
|
Batting: SHB Nick Chandler
|
0-0: SINGLE (Groundball, 56D, EV 103.1 MPH) Pat Barton to third Runner from 3rd tries for Home, SAFE, throw by LF to home
|
|
Batting: RHB Yasuhide Kasahara
|
0-0: Called Strike 0-1: Ball 1-1: Ball 2-1: Ball 3-1: Base on Balls Nick Chandler to second
|
|
Batting: RHB Josh Kalman
|
0-0: Ball 1-0: Fly out, F7 (Line Drive, 7, EV 98.8 MPH)
|
|
Batting: RHB Efrain Vargas
|
0-0: Ball 1-0: Called Strike 1-1: Ball 2-1: Foul Ball, location: 2F 2-2: Ball 3-2: Base on Balls Nick Chandler to third Yasuhide Kasahara to second
|
|
Batting: SHB Terry Tuckfard
|
0-0: Called Strike 0-1: Ball 1-1: Called Strike 1-2: Strikes out looking
|
| Bottom of the 3rd over - 1 run, 2 hits, 0 errors, 3 left on base; Atlanta 0 - Chicago 1 |
| TOP OF THE 4TH |
|
Atlanta Braves batting - Pitching for Chicago Cubs : RHP Chris Ray
|
|
Batting: RHB Hisayuki Akiyama
|
0-0: Ball 1-0: Ball 2-0: Called Strike 2-1: Foul Ball, location: 2F 2-2: Foul Ball, location: 2F 2-2: Strikes out swinging
|
|
Batting: RHB Xavier Davis
|
0-0: Ball 1-0: Called Strike 1-1: Foul Ball, location: 2F 1-2: DOUBLE (Line Drive, 7LM, EV 95.0 MPH)
|
|
Batting: RHB Jim Zucco
|
0-0: Called Strike 0-1: Swinging Strike 0-2: Ball 1-2: Strikes out looking
|
|
Batting: LHB Erik Gretzky
|
0-0: Ball 1-0: Foul Ball, location: 2F 1-1: Foul Ball, location: 2F 1-2: Strikes out swinging
|
| Top of the 4th over - 0 runs, 1 hit, 0 errors, 1 left on base; Atlanta 0 - Chicago 1 |
| BOTTOM OF THE 4TH |
|
Chicago Cubs batting - Pitching for Atlanta Braves : RHP Kevin Ovens-Toots
|
|
Batting: SHB Tim Hone
|
0-0: Ball 1-0: Called Strike 1-1: Ball 2-1: Ball 3-1: DOUBLE (Groundball, 5L, EV 96.2 MPH)
|
|
Batting: SHB Steve DiDomenico
|
0-0: Ground out 4-3 (Groundball, 34, EV 105.6 MPH) Tim Hone to third
|
|
Batting: SHB Seung-ho Zhang
|
0-0: Ball 1-0: Foul Ball, location: 2F 1-1: Ball Wild Pitch! Tim Hone scores 2-1: Ground out 5-3 (Groundball, 56, EV 83.1 MPH)
|
|
Batting: RHB Pat Barton
|
0-0: Ball 1-0: Ground out U3 (Groundball, 3, EV 102.5 MPH)
|
| Bottom of the 4th over - 1 run, 1 hit, 0 errors, 0 left on base; Atlanta 0 - Chicago 2 |
| TOP OF THE 5TH |
|
Atlanta Braves batting - Pitching for Chicago Cubs : RHP Chris Ray
|
|
Now at C: Steve Bui
|
|
|
Now at 1B: Francisco Ramirez
|
|
|
Now at 2B: Shintaro Katsumata
|
|
|
Now in LF: Josh Kalman
|
|
|
Now in RF: Barend van der Kamp
|
|
|
Batting: RHB Ramon Villarreal
|
0-0: SINGLE (Groundball, 4MD, EV 105.6 MPH)
|
|
Batting: LHB Jae-ik Soung
|
0-0: SINGLE (Line Drive, 5D, EV 93.8 MPH) Ramon Villarreal to second
|
|
Batting: RHB Ike Trout
|
0-0: Sac Bunt to 13S - play at first, batter OUT! 1-3 Ramon Villarreal to third Jae-ik Soung to second
|
|
Batting: RHB Tade Post
|
0-0: Ground out 5-3 (Groundball, 56, EV 103.8 MPH) Ramon Villarreal scores
|
|
Pinch Hitting: SHB Bob Morales
|
0-0: Ball 1-0: Called Strike 1-1: Ball 2-1: Ball 3-1: Base on Balls
|
|
Pinch Hitting: RHB Jeckel Hester
|
0-0: Ball 1-0: Ball 2-0: Ball 3-0: Base on Balls Jae-ik Soung to third Bob Morales to second
|
|
Pinch Hitting: LHB Colin Worthington
|
0-0: Ball 1-0: Ball 2-0: Called Strike 2-1: Fly out, F6 (Popup, 6, EV 71.9 MPH)
|
| Top of the 5th over - 1 run, 2 hits, 0 errors, 3 left on base; Atlanta 1 - Chicago 2 |
| BOTTOM OF THE 5TH |
|
Chicago Cubs batting - Pitching for Atlanta Braves : RHP Kevin Ovens-Toots
|
|
Now at 2B: Jeckel Hester
|
|
|
Now at SS: Joe Young
|
|
|
Now in LF: Colin Worthington
|
|
|
Now in CF: Erik Gretzky
|
|
|
Now in RF: Bob Morales
|
|
|
Batting: SHB Nick Chandler
|
0-0: SINGLE (Line Drive, 6D, EV 96.2 MPH)
|
|
Batting: RHB Yasuhide Kasahara
|
0-0: Reached on error, E6 (Groundball, 6, EV 88.8 MPH) Nick Chandler to second
|
|
Pinch Hitting: LHB Kevin Norton
|
0-0: Called Strike 0-1: Called Strike 0-2: Ball 1-2: Foul Ball, location: 2F 1-2: Strikes out swinging
|
|
Pitching: RHP Jorge Mora
|
|
|
Batting: RHB Steve Bui
|
0-0: Ball 1-0: Called Strike 1-1: Ball 2-1: Ball 3-1: Base on Balls Nick Chandler to third Yasuhide Kasahara to second
|
|
Batting: LHB Barend van der Kamp
|
0-0: Called Strike 0-1: Ball 1-1: Foul Ball, location: 2F 1-2: Foul Ball, location: 2F 1-2: Ball Wild Pitch! Nick Chandler scores Yasuhide Kasahara to third Steve Bui to second 2-2: Ground out 4-3 (Groundball, 4, EV 89.4 MPH) Yasuhide Kasahara scores Steve Bui to third
|
|
Batting: RHB Francisco Ramirez
|
0-0: Called Strike 0-1: Foul Ball, location: 2F 0-2: Strikes out looking
|
| Bottom of the 5th over - 2 runs, 1 hit, 1 error, 1 left on base; Atlanta 1 - Chicago 4 |
| TOP OF THE 6TH |
|
Atlanta Braves batting - Pitching for Chicago Cubs : RHP Chris Ray
|
|
Pitching: LHP Jesse Fields
|
|
|
Now in LF: Barend van der Kamp
|
|
|
Now in RF: Kevin Norton
|
|
|
Batting: RHB Joe Young
|
0-0: Foul Ball, location: 2F 0-1: Foul Ball, location: 2F 0-2: Strikes out swinging
|
|
Pinch Hitting: RHB Liangde Li
|
0-0: Called Strike 0-1: Ball 1-1: Foul Ball, location: 2F 1-2: Ball 2-2: Ball 3-2: Ground out 6-3 (Groundball, 6, EV 98.8 MPH)
|
|
Pinch Hitting: RHB Jesse Lester
|
0-0: Ball 1-0: Ball 2-0: SOLO HOME RUN (Flyball, 7LD, EV 94.4 MPH), Distance : 362 ft
|
|
Batting: RHB Butch Kaiser
|
0-0: Ball 1-0: Foul Ball, location: 2F 1-1: Ball 2-1: Foul Ball, location: 2F 2-2: Strikes out swinging
|
| Top of the 6th over - 1 run, 1 hit, 0 errors, 0 left on base; Atlanta 2 - Chicago 4 |
| BOTTOM OF THE 6TH |
|
Chicago Cubs batting - Pitching for Atlanta Braves : RHP Jorge Mora
|
|
Now at C: Oke Monti
|
|
|
Now at 3B: Jesse Lester
|
|
|
Now in CF: Liangde Li
|
|
|
Batting: RHB Kaeo Zirpoli
|
0-0: Ball 1-0: Fly out, F7 (Flyball, 7D, EV 84.4 MPH)
|
|
Pinch Hitting: RHB Jason Ostrom
|
0-0: Swinging Strike 0-1: Swinging Strike 0-2: Ball 1-2: Strikes out swinging
|
|
Batting: RHB Shintaro Katsumata
|
0-0: Ball 1-0: Ball 2-0: Ball 3-0: Called Strike 3-1: Base on Balls
|
|
Pitching: RHP Jose Santos
|
|
|
Pinch Hitting: RHB Elijah Campbell
|
0-0: Foul Ball, location: 2F 0-1: Called Strike 0-2: Ball 1-2: Ground out 4-3 (Groundball, 4, EV 78.8 MPH)
|
| Bottom of the 6th over - 0 runs, 0 hits, 0 errors, 1 left on base; Atlanta 2 - Chicago 4 |
| TOP OF THE 7TH |
|
Atlanta Braves batting - Pitching for Chicago Cubs : LHP Jesse Fields
|
|
Now at 3B: Elijah Campbell
|
|
|
Now in CF: Jason Ostrom
|
|
|
Pinch Hitting: RHB Jordan Martin
|
0-0: Swinging Strike 0-1: Swinging Strike 0-2: Foul Ball, location: 2F 0-2: Ground out 6-3 (Groundball, 6, EV 81.9 MPH)
|
|
Batting: LHB Oke Monti
|
0-0: Ground out 6-3 (Groundball, 4M, EV 88.8 MPH)
|
|
Batting: SHB Bob Morales
|
0-0: Called Strike 0-1: Ball 1-1: Ground out 4-3 (Groundball, 4M, EV 75.6 MPH)
|
| Top of the 7th over - 0 runs, 0 hits, 0 errors, 0 left on base; Atlanta 2 - Chicago 4 |
| BOTTOM OF THE 7TH |
|
Chicago Cubs batting - Pitching for Atlanta Braves : RHP Jose Santos
|
|
Now at 1B: Jordan Martin
|
|
|
Pinch Hitting: RHB Andy Wasierski
|
0-0: Ball 1-0: Ball 2-0: Ball 3-0: Called Strike 3-1: Called Strike 3-2: Base on Balls
|
|
Batting: LHB Kevin Norton
|
0-0: Ball 1-0: Foul Ball, location: 2F 1-1: Swinging Strike 1-2: Ball 2-2: Ball 3-2: Base on Balls Andy Wasierski to second
|
|
Batting: RHB Steve Bui
|
0-0: Called Strike 0-1: Swinging Strike 0-2: Strikes out swinging
|
|
Batting: LHB Barend van der Kamp
|
0-0: Ball Andy Wasierski steals 3rd base (no throw) Kevin Norton to second 1-0: Fly out, F8 (Flyball, 8RM, EV 85.0 MPH)
|
|
Batting: RHB Francisco Ramirez
|
0-0: Ball 1-0: Swinging Strike 1-1: Called Strike 1-2: Strikes out looking
|
| Bottom of the 7th over - 0 runs, 0 hits, 0 errors, 2 left on base; Atlanta 2 - Chicago 4 |
| TOP OF THE 8TH |
|
Atlanta Braves batting - Pitching for Chicago Cubs : LHP Jesse Fields
|
|
Pitching: RHP Willie Ramos
|
|
|
Now at SS: Andy Wasierski
|
|
|
Batting: RHB Jeckel Hester
|
0-0: DOUBLE (Groundball, 3L, EV 108.8 MPH)
|
|
Batting: LHB Colin Worthington
|
0-0: Ball 1-0: Swinging Strike 1-1: Foul Ball, location: 2F 1-2: Strikes out swinging
|
|
Pinch Hitting: LHB Chad Persaud
|
0-0: Foul Ball, location: 2F 0-1: Ball 1-1: Ball 2-1: Swinging Strike 2-2: Ball 3-2: Base on Balls
|
|
Batting: RHB Liangde Li
|
0-0: Called Strike 0-1: Called Strike 0-2: Foul Ball, location: 2F 0-2: Ball 1-2: Ball 2-2: Ball 3-2: Grounds into double play, 6-4-3 (Groundball, 6S, EV 86.2 MPH)
|
| Top of the 8th over - 0 runs, 1 hit, 0 errors, 1 left on base; Atlanta 2 - Chicago 4 |
| BOTTOM OF THE 8TH |
|
Chicago Cubs batting - Pitching for Atlanta Braves : RHP Jose Santos
|
|
Pitching: RHP Ricky Rivera
|
|
|
Now at SS: Hieronim Rutkowski
|
|
|
Batting: RHB Kaeo Zirpoli
|
0-0: Called Strike 0-1: Ball 1-1: Called Strike 1-2: Ball 2-2: Strikes out swinging
|
|
Batting: RHB Jason Ostrom
|
0-0: Ball 1-0: Called Strike 1-1: Ball 2-1: SINGLE (Flyball, 56D, EV 98.8 MPH)
|
|
Batting: RHB Shintaro Katsumata
|
0-0: Ball 1-0: Called Strike Jason Ostrom is caught stealing 2nd base 2-4 1-1: Ball 2-1: SINGLE (Groundball, 34D, EV 104.4 MPH)
|
|
Batting: RHB Elijah Campbell
|
0-0: Ball 1-0: Swinging Strike 1-1: Foul Ball, location: 2F 1-2: DOUBLE (Flyball, 89D, EV 113.8 MPH) Shintaro Katsumata to third Runner from 3rd tries for Home, SAFE, throw by CF to trailing runner, SAFE at third!
|
|
Batting: RHB Andy Wasierski
|
0-0: Ball 1-0: SINGLE (Flyball, 4MD, EV 86.9 MPH) Elijah Campbell scores
|
|
Pinch Hitting: SHB Art Kent
|
0-0: Foul Ball, location: 2F 0-1: SINGLE (Groundball, 4MS, EV 97.5 MPH) Andy Wasierski to second
|
|
Batting: RHB Steve Bui
|
0-0: Swinging Strike 0-1: Ball 1-1: Fly out, F4 (Line Drive, 4, EV 69.4 MPH)
|
| Bottom of the 8th over - 2 runs, 5 hits, 0 errors, 2 left on base; Atlanta 2 - Chicago 6 |
| TOP OF THE 9TH |
|
Atlanta Braves batting - Pitching for Chicago Cubs : RHP Willie Ramos
|
|
Pitching: LHP Brock Lewis
|
|
|
Now in RF: Art Kent
|
|
|
Batting: RHB Jesse Lester
|
0-0: Called Strike 0-1: SINGLE (Line Drive, 34D, EV 96.2 MPH)
|
|
Batting: RHB Butch Kaiser
|
0-0: Ball 1-0: Ball 2-0: Fly out, F8 (Flyball, 8RD, EV 95.0 MPH)
|
|
Batting: RHB Jordan Martin
|
0-0: Ball 1-0: 2-RUN HOME RUN (Flyball, 7D, EV 100.0 MPH), Distance : 419 ft
|
|
Pitching: LHP George Poirier
|
|
|
Batting: LHB Oke Monti
|
0-0: Ball 1-0: Called Strike 1-1: Swinging Strike 1-2: Foul Ball, location: 2F 1-2: Ball 2-2: Strikes out swinging
|
|
Pinch Hitting: LHB Ben Goldstein
|
0-0: Ball 1-0: Ball 2-0: Ball 3-0: Called Strike 3-1: Called Strike 3-2: Foul Ball, location: 2F 3-2: Foul Ball, location: 2F 3-2: SINGLE (Groundball, 34D, EV 99.4 MPH)
|
|
Pinch Hitting: LHB Sam Dowdy
|
0-0: Ball 1-0: Foul Ball, location: 2F 1-1: Foul Ball, location: 2F 1-2: Fly out, F9 (Flyball, 89D, EV 93.1 MPH)
|
| Top of the 9th over - 2 runs, 3 hits, 0 errors, 1 left on base; Atlanta 4 - Chicago 6 |
|